 Dungeon Sprint DCSS version 0.17-a0-1798-g879a7aa (webtiles) character file.

150627699 pipel the Heavyweight Champion (level 23, 251/284 HPs)
             Began as a Troll Monk on Sept 10, 2015.
             Was the Champion of Okawaru.
             Escaped with the Orb
             ... and 17 runes!
             The game lasted 01:25:37 (12089 turns).

pipel the Heavyweight Champion (Troll Monk)        Turns: 12089, Time: 01:25:37

Health: 251/284    AC: 40    Str: 35    XL:     23   Next: 59%
Magic:  40/40      EV: 19    Int: 10    God:    Okawaru [******]
Gold:   82         SH: 21    Dex: 14    Spells: 0 memorised, 51 levels left

rFire  + + +     SeeInvis +       - Unarmed
rCold  + + .     Rnd*Rage +     F - +4 gold dragon armour
rNeg   + . .     SustAt   .     S - +2 shield {AC+3}
rPois  +         Gourm    +     T - +1 hat {SInv}
rElec  +         Spirit   .     Q - +1 cloak of Crawling {rCorr Dex+2}
rCorr  +         Warding  .     (gloves unavailable)
rMut   +         NoTele   +     (boots unavailable)
MR     +....                    E - amulet "Pecregot" {rMut rF++ Int+4}
Stlth  ..........               m - ring of the Castellan {rC+ Str+5 Slay+5}
                                p - ring "Estozueb" {rElec rF+ rN+ Slay+2}

@: very slightly contaminated, somewhat resistant to hostile enchantments,
extremely unstealthy
A: unfitting armour, claws 3, berserk 1, fast metabolism 3, gourmand,
regeneration 2, shaggy fur 1, tough skin 2, weak 1, MP-powered wands
a: Heroism, Finesse, Renounce Religion
0: Orb of Zot
}: 17/15 runes: decaying, serpentine, barnacled, slimy, elven, silver, golden,
iron, obsidian, icy, bone, abyssal, glowing, magical, fiery, dark, gossamer


You escaped.
You worshipped Okawaru.
Okawaru was exalted by your worship.
You were very hungry.

You visited 1 branch You collected 1971 gold pieces.
You spent 1889 gold pieces at shops.

Inventory:

Missiles
 y - 25 large rocks (quivered)
 z - 32 javelins
 N - 20 poisoned javelins
 X - 21 javelins of penetration
Armour
 F - a +4 gold dragon armour (worn)
 O - the +1 cloak of the Ladybird {Str+3}
   (Okawaru gifted it to you in the Dungeon)

   It affects your strength (+3).
 Q - the +1 cloak of Crawling (worn) {rCorr Dex+2}
   (Okawaru gifted it to you in the Dungeon)

   It affects your dexterity (+2).
   It protects you from acid and corrosion.
 S - a +2 shield of protection (worn)
 T - a +1 hat of see invisible (worn)
 U - a +1 cloak of magic resistance
Magical staves
 l - an uncursed staff of energy
Jewellery
 a - an uncursed ring of see invisible
 m - the ring of the Castellan (right claw) {rC+ Str+5 Slay+5}
   (You found it in the Dungeon)

   [ring of protection from cold]

   It affects your strength (+5).
   It affects your accuracy and damage with ranged weapons and melee attacks
   (+5).
   It protects you from cold.
 n - the ring "Amiock" {rF++ EV+3}
   (You found it in the Dungeon)

   [ring of evasion]

   It affects your evasion (+3).
   It greatly protects you from fire.
 o - a +6 ring of dexterity
 p - the ring "Estozueb" (left claw) {rElec rF+ rN+ Slay+2}
   (You found it in the Dungeon)

   [ring of positive energy]

   It affects your accuracy and damage with ranged weapons and melee attacks
   (+2).
   It protects you from fire.
   It insulates you from electricity.
   It protects you from negative energy.
 t - the ring of Ymiger {MR+ Int+5}
   (You found it in the Dungeon)

   [ring of protection from magic]

   It affects your intelligence (+5).
   It affects your resistance to hostile enchantments.
 u - the amulet "Jituzxoa" {Spirit Str+3}
   (You found it in the Dungeon)

   [amulet of guardian spirit]

   It causes incoming damage to be split between your health and magic.
   It affects your strength (+3).
 D - an uncursed amulet of resist corrosion
 E - the amulet "Pecregot" (around neck) {rMut rF++ Int+4}
   (You bought it in a shop in the Dungeon)

   [amulet of resist mutation]

   It protects you from mutation.
   It affects your intelligence (+4).
   It greatly protects you from fire.
 G - an uncursed ring of protection from fire
 H - an uncursed ring of sustain attributes
 I - an uncursed ring of poison resistance
 K - an uncursed ring of fire
Magical devices
 k - a wand of cold (6)
 R - a wand of hasting (0)
Scrolls
 h - a scroll of blinking
 i - 6 scrolls of remove curse
 j - 2 scrolls of amnesia
 v - 3 scrolls of fog
 w - 4 scrolls of recharging
 x - 3 scrolls of identify
 J - 4 scrolls of enchant weapon
 Y - 4 scrolls of enchant armour
 Z - 2 scrolls of fear
Potions
 c - a potion of curing
 d - 15 potions of heal wounds
 e - 2 potions of haste
 f - 4 potions of magic
 g - a potion of invisibility
 q - 4 potions of brilliance
 r - 2 potions of berserk rage
 s - 2 potions of might
 L - a potion of lignification
Miscellaneous
 M - a lamp of fire
 V - the horn of Geryon
 W - a crystal ball of energy
Comestibles
 b - 8 bread rations
 B - 40 fruits
 C - 13 meat rations


   Skills:
 O Level 27 Fighting
 - Level 5.3 Staves
 O Level 27 Throwing
 O Level 27 Armour
 O Level 27 Dodging
 * Level 17.6 Stealth
 O Level 27 Shields
 O Level 27 Unarmed Combat
 - Level 14.8 Spellcasting
 O Level 27 Invocations
 * Level 23.3 Evocations


You had 51 spell levels left.
You didn't know any spells.

Dungeon Overview and Level Annotations

Branches:
Dungeon (1/1)

Altars:
Cheibriados
Dithmenos
Elyvilon
Fedhas
Gozag
Kikubaaqudgha
Makhleb
Nemelex Xobeh
Okawaru
Qazlal
Ru
Sif Muna
Trog
Vehumet
Xom
Yredelemnul
Zin
The Shining One
Beogh
Jiyva
Lugonu

Shops:
D }?*=


Innate Abilities, Weirdness & Mutations

You are too large for most types of armour.
You have claws for hands.
Your metabolism is lightning-fast.
You like to eat raw meat.
You heal very quickly.
You are covered in fur (AC +1).
You have very tough skin (AC +2).
You tend to lose your temper in combat.
You are weak. (Str -2)
You expend magic power (3 MP) to strengthen your wands.


Message History

There is an open door, spattered with blood here.
Things that are here:
a dagger; a robe You eviscerate the Orb Guardian!!!
The Orb Guardian is heavily wounded.
The Orb Guardian hits you but does no damage.
You mangle the Orb Guardian!!
The Orb Guardian is almost dead.
You block the Orb Guardian's attack.
You closely miss the Orb Guardian.
The Orb Guardian is almost dead.
The Orb Guardian hits you but does no damage.
You eviscerate the Orb Guardian!!!
You kill the Orb Guardian!
Okawaru accepts your kill.
You see here a dagger of venom.
There is an open door to the Dungeon here.
There is a staircase leading out of the dungeon here.
You can't go down here!
You have escaped!

()))).).......)..▓
▓▓▓▓▓▓▓▓▓▓▓▓▓▓▓▓)▓
.................▓
▓▓▓▓▓▓▓▓▓▓▓▓▓▓▓▓▓▓
..:......')......▓
▓▓▓▓▓▓▓▓▓▓▓▓▓▓▓▓.▓
..).)............▓
▓▓▓▓▓▓▓▓▓▓▓▓▓▓▓▓▓▓
....)')...)'....@▓
▓▓▓▓▓▓▓▓▓▓▓▓▓▓▓▓▓▓


There were no monsters in sight!

Vanquished Creatures
  Cerebov (D)
  Antaeus (D)
  Asmodeus (D)
  the royal jelly (D)
  Ereshkigal (D)
  Gloorx Vloq (D)
  A seraph (D)
  Mnoleg (D)
  Lom Lobon (D)
  Dispater (D)
  4 orbs of fire (D)
  Mara (D)
  Mennas (D)
  7 ancient liches (D)
  A juggernaut (D)
  6 pandemonium lords (D)
  3 greater mummies (D)
  Boris (D)
  Frederick (D)
  Margery (D)
  Norris (D)
  A curse toe (D)
  Geryon (D)
  A golden dragon (D)
  Nikola (D)
  Jory (D)
  Xtahua (D)
  2 bone dragons (D)
  4 electric golems (D)
  2 Hell Sentinels (D)
  A Brimstone Fiend (D)
  3 tentacled monstrosities (D)
  5 liches (D)
  3 deep elf blademasters (D)
  40 Orb Guardians (D)
  12 acid blobs (D)
  12 sphinxes (D)
  A tentacled starspawn (D)
  A Shadow Fiend (D)
  5 death cobs (D)
  An Executioner (D)
  4 greater nagas (D)
  2 storm dragons (D)
  2 draconian monks (D)
  8 azure jellies (D)
  10 shadow dragons (D)
  Ilsuiw (D)
  A draconian knight (D)
  A fire giant (D)
  A frost giant (D)
  4 deep elf sorcerers (D)
  A ghost moth (D)
  Louise (D)
  2 balrugs (D)
  3 emperor scorpions (D)
  6 vault wardens (D)
  A draconian zealot (D)
  A draconian shifter (D)
  2 draconian annihilators (D)
  3 reapers (D)
  2 angels (D)
  3 ironheart preservers (D)
  A very ugly thing (D)
  4 stone giants (D)
  8 vampire knights (D)
  A blood saint (D)
  A draconian caller (D)
  2 war gargoyles (D)
  A black draconian (D)
  2 green draconians (D)
  4 yellow draconians (D)
  2 mottled draconians (D)
  3 deep elf annihilators (D)
  2 chaos champions (D)
  A black sun (D)
  2 lorocyprocas (D)
  2 red draconians (D)
  4 white draconians (D)
  5 merfolk javelineers (D)
  2 green deaths (D)
  3 deep elf death magi (D)
  5 death oozes (D)
  3 merfolk impalers (D)
  A great orb of eyes (D)
  3 yaktaur captains (D)
  4 mummy priests (D)
  A deep elf high priest (D)
  4 fire dragons (D)
  4 ettins (D)
  25 vault guards (D)
  A rakshasa (D)
  9 hydras (D)
  Harold (D)
  6 ice dragons (D)
  3 hell beasts (D)
  2 naga warriors (D)
  3 entropy weavers (D)
  A monstrous demonspawn (D)
  2 catoblepae (D)
  A centaur warrior (D)
  An ogre mage (D)
  An anaconda (D)
  A merfolk avatar (D)
  4 merfolk aquamancers (D)
  A ghost crab (D)
  A deep troll shaman (D)
  A tengu warrior (D)
  5 death yaks (D)
  A spriggan berserker (D)
  2 naga sharpshooters (D)
  A small abomination (D)
  A shock serpent (D)
  An orc high priest (D)
  12 spriggans (D)
  A fire crab (D)
  5 hell knights (D)
  A wretched star (D)
  6 sun demons (D)
  A soul eater (D)
  2 cherubim (D)
  2 putrid demonspawn (D)
  A deep elf knight (D)
  A shadow demon (D)
  A sea snake (D)
  A giant orange brain (D)
  An infernal demonspawn (D)
  An unseen horror (D)
  2 starcursed masses (D)
  4 swamp dragons (D)
  A lindwurm (D)
  3 torturous demonspawn (D)
  7 orc knights (D)
  An ironbrand convoker (D)
  3 necromancers (D)
  3 griffons (D)
  4 orc sorcerers (D)
  A harpy (D)
  A hornet (D)
  A cyclops (D)
  2 manticores (D)
  2 orb spiders (D)
  A water nymph (D)
  5 wolf spiders (D)
  An ugly thing (D)
  2 rust devils (D)
  A siren (D)
  A guardian serpent (D)
  5 vault sentinels (D)
  3 black mambas (D)
  7 sixfirhies (D)
  A gargoyle (D)
  4 orange demons (D)
  4 hellions (D)
  7 moths of wrath (D)
  5 naga magi (D)
  Psyche (D)
  A torpor snail (D)
  4 smoke demons (D)
  An efreet (D)
  2 yaktaurs (D)
  2 tormentors (D)
  3 komodo dragons (D)
  5 hellwings (D)
  21 guardian mummies (D)
  6 demonic crawlers (D)
  A spiny frog (D)
  A troll (D)
  A wandering mushroom (D)
  2 merfolk (D)
  A deep elf priest (D)
  12 red devils (D)
  A giant leech (D)
  3 blue devils (D)
  4 slime creatures (D)
  3 jumping spiders (D)
  2 bog bodies (D)
  A boulder beetle (shapeshifter) (D)
  2 trapdoor spiders (D)
  2 yaks (D)
  A water elemental (D)
  A redback (D)
  A chaos spawn (D)
  3 large abominations (D)
  2 hippogriffs (D)
  A golden eye (D)
  Grum (D)
  A basilisk (D)
  3 neqoxecs (D)
  3 wolves (D)
  2 hungry ghosts (D)
  2 porcupines (D)
  2 vampire mosquitoes (D)
  3 mottled dragons (D)
  2 swamp drakes (D)
  4 nagas (D)
  A water moccasin (D)
  8 orc warriors (D)
  5 eyes of draining (D)
  2 centaurs (D)
  An ice beast (D)
  2 crocodiles (D)
  2 wasps (D)
  A giant frog (D)
  A scorpion (shapeshifter) (D)
  8 orc wizards (D)
  3 orc priests (D)
  A quasit (D)
  2 crimson imps (D)
  2 iron imps (D)
  2 iguanas (D)
  A hound (D)
  2 shadow imps (D)
  3 giant eyeballs (D)
  3 ufetubi (D)
  2 adder zombies (D)
  11 orcs (D)
  A bat skeleton (D)
  A giant cockroach (D)
  A goblin (D)
  A hobgoblin (D)
  A quokka (D)
  2 bats (D)
  A quokka zombie (D)
  A fire vortex (D)
648 creatures vanquished.

Vanquished Creatures (others)
  An ogre mage (D)
  A spriggan druid (D)
  A necromancer (D)
  A hornet (D)
  A slime creature (D)
  2 starspawn tentacles (D)
  2 starspawn tentacle segments (D)
9 creatures vanquished.

Grand Total: 657 creatures vanquished

Notes
Turn   | Place    | Note
--------------------------------------------------------------
     0 | D        | pipel the Troll Monk began the quest for the Orb.
     0 | D        | Reached XP level 1. HP: 22/22 MP: 0/0
    29 | D        | Noticed a hound
    29 | D        | Noticed an orc wizard
    29 | D        | Noticed an orc priest
    29 | D        | Noticed a crimson imp
    34 | D        | Killed a crimson imp
    34 | D        | Reached skill level 6 in Unarmed Combat
    34 | D        | Reached XP level 2. HP: 25/31 MP: 1/1
    34 | D        | Reached XP level 3. HP: 29/37 MP: 2/2
    39 | D        | Killed an orc priest
    39 | D        | Reached XP level 4. HP: 12/48 MP: 3/3
    41 | D        | Killed an orc wizard
    41 | D        | Reached skill level 7 in Unarmed Combat
    45 | D        | Killed a hound
    45 | D        | Reached skill level 8 in Unarmed Combat
    73 | D        | Found a glowing silver altar of Zin.
    73 | D        | Found a glowing golden altar of the Shining One.
    73 | D        | Found an ancient bone altar of Kikubaaqudgha.
    73 | D        | Found a basalt altar of Yredelemnul.
    73 | D        | Found a shimmering altar of Xom.
    73 | D        | Found a radiant altar of Vehumet.
    74 | D        | Found an iron altar of Okawaru.
    75 | D        | Found a burning altar of Makhleb.
    76 | D        | Found a deep blue altar of Sif Muna.
    77 | D        | Found a bloodstained altar of Trog.
    78 | D        | Found a sparkling altar of Nemelex Xobeh.
    79 | D        | Found a white marble altar of Elyvilon.
    80 | D        | Found a roughly hewn altar of Beogh.
    81 | D        | Found a viscous altar of Jiyva.
    82 | D        | Became a worshipper of Warmaster Okawaru
    82 | D        | Acquired Okawaru's first power
    83 | D        | Found a corrupted altar of Lugonu.
    84 | D        | Found a blossoming altar of Fedhas.
    85 | D        | Found a snail-covered altar of Cheibriados.
    86 | D        | Found a shadowy altar of Dithmenos.
    87 | D        | Found a stormy altar of Qazlal.
    88 | D        | Found an opulent altar of Gozag.
    89 | D        | Found a sacrificial altar of Ru.
   117 | D        | Noticed a hungry ghost
   117 | D        | Noticed a hungry ghost
   120 | D        | Reached XP level 5. HP: 55/55 MP: 1/4
   126 | D        | Killed a hungry ghost
   126 | D        | Reached skill level 5 in Fighting
   126 | D        | Reached skill level 5 in Dodging
   126 | D        | Reached skill level 9 in Unarmed Combat
   132 | D        | Killed a hungry ghost
   132 | D        | Reached skill level 10 in Unarmed Combat
   132 | D        | Reached XP level 6. HP: 64/68 MP: 2/5
   148 | D        | Noticed a trapdoor spider
   150 | D        | Killed a trapdoor spider
   150 | D        | Reached skill level 11 in Unarmed Combat
   150 | D        | Reached skill level 1 in Invocations
   150 | D        | Reached XP level 7. HP: 63/78 MP: 3/6
   175 | D        | Noticed a wasp
   175 | D        | Noticed a griffon
   175 | D        | Noticed a troll
   175 | D        | Noticed a centaur
   180 | D        | Killed a centaur
   182 | D        | Killed a troll
   182 | D        | Reached skill level 12 in Unarmed Combat
   192 | D        | Killed a griffon
   192 | D        | Received a gift from Okawaru
   192 | D        | Reached XP level 8. HP: 51/89 MP: 5/8
   200 | D        | Killed a wasp
   200 | D        | Reached skill level 13 in Unarmed Combat
   229 | D        | Noticed a trapdoor spider
   233 | D        | Killed a trapdoor spider
   435 | D        | Got the +8 short sword "Ceumymm" {flame, rN+ Int+2 SInv}
   450 | D        | Noticed a black mamba
   450 | D        | Noticed an iguana
   450 | D        | Noticed a porcupine
   450 | D        | Noticed a porcupine
   450 | D        | Noticed a spiny frog
   450 | D        | Noticed a komodo dragon
   451 | D        | Noticed a death yak
   452 | D        | Killed a komodo dragon
   452 | D        | Reached skill level 1 in Throwing
   453 | D        | Noticed a crocodile
   455 | D        | Killed a spiny frog
   455 | D        | Reached XP level 9. HP: 95/98 MP: 6/10
   458 | D        | Killed a porcupine
   461 | D        | Noticed an iguana
   464 | D        | Killed a porcupine
   464 | D        | Reached skill level 14 in Unarmed Combat
   467 | D        | Killed an iguana
   471 | D        | Killed a death yak
   471 | D        | Acquired Okawaru's second power
   471 | D        | Reached skill level 10 in Fighting
   473 | D        | Killed a black mamba
   474 | D        | Killed a crocodile
   478 | D        | Killed an iguana
   516 | D        | Noticed a hippogriff
   516 | D        | Noticed a crocodile
   516 | D        | Noticed a torpor snail
   516 | D        | Noticed a water moccasin
   516 | D        | Noticed a basilisk
   516 | D        | Noticed a lindwurm
   517 | D        | Noticed a hippogriff
   524 | D        | Killed a lindwurm
   524 | D        | Reached skill level 15 in Unarmed Combat
   528 | D        | Killed a basilisk
   528 | D        | Reached skill level 10 in Dodging
   529 | D        | Noticed a komodo dragon
   529 | D        | Killed a water moccasin
   529 | D        | Reached XP level 10. HP: 67/111 MP: 4/12
   534 | D        | Noticed a four-headed hydra
   535 | D        | Killed a torpor snail
   535 | D        | Received a gift from Okawaru
   536 | D        | Killed a crocodile
   540 | D        | Killed a hippogriff
   544 | D        | Killed a hippogriff
   548 | D        | Killed a komodo dragon
   548 | D        | Reached skill level 1 in Evocations
   554 | D        | Killed a four-headed hydra
   641 | D        | Noticed a catoblepas
   641 | D        | Noticed a death yak
   641 | D        | Noticed a death yak
   641 | D        | Noticed a death yak
   641 | D        | Noticed a yak
   641 | D        | Noticed a yak
   657 | D        | Killed a yak
   665 | D        | Killed a yak
   665 | D        | Reached skill level 5 in Invocations
   674 | D        | Noticed a death yak
   674 | D        | Killed a death yak
   674 | D        | Reached skill level 16 in Unarmed Combat
   678 | D        | Killed a death yak
   678 | D        | Received a gift from Okawaru
   678 | D        | Reached skill level 5 in Throwing
   693 | D        | Killed a death yak
   697 | D        | Killed a catoblepas
   697 | D        | Reached XP level 11. HP: 98/123 MP: 8/14
   700 | D        | Killed a death yak
   703 | D        | Got a crude cloak {god gift}
   708 | D        | Noticed a catoblepas
   717 | D        | Identified the +1 cloak "Hicalof" {rPois} (Okawaru gifted it to you in the Dungeon)
   734 | D        | Killed a catoblepas
   857 | D        | Noticed an orc wizard
   857 | D        | Noticed an orc priest
   857 | D        | Noticed an orc knight
   857 | D        | Noticed an orc wizard
   857 | D        | Noticed an orc warrior
   873 | D        | Killed an orc warrior
   875 | D        | Killed an orc wizard
   881 | D        | Killed an orc knight
   889 | D        | Noticed a stone giant
   895 | D        | Killed an orc priest
   904 | D        | Killed a stone giant
   904 | D        | Reached skill level 17 in Unarmed Combat
   907 | D        | Killed an orc wizard
   933 | D        | Noticed an orc wizard
   937 | D        | Noticed an orc wizard
   939 | D        | Killed an orc wizard
   948 | D        | Killed an orc wizard
  1042 | D        | Noticed an orc warrior
  1042 | D        | Noticed an orc warrior
  1042 | D        | Noticed an orc warrior
  1042 | D        | Noticed an orc wizard
  1042 | D        | Noticed an orc wizard
  1042 | D        | Noticed an orc priest
  1043 | D        | Noticed an orc warrior
  1044 | D        | Killed an orc priest
  1048 | D        | Killed an orc wizard
  1052 | D        | Killed an orc warrior
  1055 | D        | Killed an orc warrior
  1057 | D        | Noticed an orc warrior
  1058 | D        | Killed an orc warrior
  1059 | D        | Noticed an orc knight
  1061 | D        | Killed an orc warrior
  1062 | D        | Noticed an orc warrior
  1064 | D        | Noticed an orc warrior
  1064 | D        | Killed an orc warrior
  1065 | D        | Killed an orc warrior
  1067 | D        | Noticed an orc wizard
  1068 | D        | Killed an orc wizard
  1072 | D        | Killed an orc knight
  1074 | D        | Killed an orc warrior
  1083 | D        | Killed an orc wizard
  1118 | D        | Found Piawen's Jewellery Boutique.
  1118 | D        | Noticed an orc knight
  1118 | D        | Noticed an orc sorcerer
  1118 | D        | Noticed an orc knight
  1118 | D        | Noticed an orc sorcerer
  1123 | D        | Killed an orc sorcerer
  1126 | D        | Killed an orc knight
  1126 | D        | Received a gift from Okawaru
  1129 | D        | Noticed an orc high priest
  1133 | D        | Paralysed by an orc sorcerer for 3 turns
  1140 | D        | Killed an orc sorcerer
  1146 | D        | Killed an orc knight
  1188 | D        | Killed an orc high priest
  1193 | D        | Found Vepperph's General Store.
  1287 | D        | Found Daradiz's Magic Scroll Boutique.
  1291 | D        | Found Jisujako's Gadget Shop.
  1295 | D        | Noticed an orc knight
  1301 | D        | Noticed an orc sorcerer
  1303 | D        | Noticed an orc sorcerer
  1305 | D        | Killed an orc sorcerer
  1310 | D        | Killed an orc knight
  1310 | D        | Reached XP level 12. HP: 109/133 MP: 16/16
  1318 | D        | Killed an orc sorcerer
  1318 | D        | Reached skill level 18 in Unarmed Combat
  1338 | D        | Bought the amulet "Pecregot" {rMut rF++ Int+4} for 947 gold pieces
  1339 | D        | Bought an uncursed ring of wizardry for 390 gold pieces
  1339 | D        | Bought an uncursed ring of protection from fire for 325 gold pieces
  1339 | D        | Bought an uncursed ring of sustain attributes for 227 gold pieces
  1360 | D        | Noticed Grum
  1360 | D        | Noticed a wolf
  1360 | D        | Noticed a wolf
  1360 | D        | Noticed a wolf
  1362 | D        | Killed a wolf
  1367 | D        | Killed a wolf
  1369 | D        | Killed Grum
  1372 | D        | Killed a wolf
  1517 | D        | Noticed a tengu warrior
  1517 | D        | Noticed a centaur warrior
  1517 | D        | Noticed a crimson imp
  1517 | D        | Noticed a seven-headed hydra
  1517 | D        | Noticed a vampire mosquito
  1519 | D        | Killed a vampire mosquito
  1523 | D        | Killed an eight-headed hydra
  1523 | D        | Reached skill level 10 in Throwing
  1523 | D        | Reached skill level 1 in Armour
  1526 | D        | Killed an unseen horror
  1528 | D        | Noticed an ice beast
  1530 | D        | Killed a centaur warrior
  1531 | D        | Noticed a lich
  1538 | D        | Noticed a Hell Sentinel
  1538 | D        | Killed a tengu warrior
  1541 | D        | Killed a crimson imp
  1544 | D        | Noticed an entropy weaver
  1545 | D        | Noticed a slime creature
  1545 | D        | Noticed a Hell Sentinel
  1548 | D        | Killed a lich
  1548 | D        | Received a gift from Okawaru
  1549 | D        | Noticed a stone giant
  1549 | D        | Killed an ice beast
  1551 | D        | Noticed a white very ugly thing
  1552 | D        | Noticed an ettin
  1553 | D        | Noticed a deep troll shaman
  1557 | D        | Killed an entropy weaver
  1557 | D        | Received a gift from Okawaru
  1707 | D        | Killed a slime creature
  1716 | D        | Killed a stone giant
  1720 | D        | Killed an ettin
  1720 | D        | Reached skill level 19 in Unarmed Combat
  1726 | D        | Killed a white very ugly thing
  1726 | D        | Reached skill level 5 in Armour
  1733 | D        | Gained mutation: You expend magic power (3 MP) to strengthen your wands. [mutagenic meat]
  1791 | D        | Killed a deep troll shaman
  1890 | D        | Noticed Psyche
  1899 | D        | Killed Psyche
  1899 | D        | Received a gift from Okawaru
  1971 | D        | Noticed a demonic crawler
  1971 | D        | Noticed a jumping spider
  1971 | D        | Noticed an orb spider
  1971 | D        | Noticed a wolf spider
  1971 | D        | Noticed a demonic crawler
  1971 | D        | Noticed a demonic crawler
  1973 | D        | Killed a jumping spider
  1976 | D        | Noticed a wolf spider
  1978 | D        | Noticed a wolf spider
  1978 | D        | Killed a demonic crawler
  1983 | D        | Killed a demonic crawler
  1985 | D        | Killed a wolf spider
  1991 | D        | Killed an orb spider
  1991 | D        | Reached XP level 13. HP: 148/148 MP: 18/18
  1996 | D        | Killed a demonic crawler
  2001 | D        | Killed a wolf spider
  2001 | D        | Received a gift from Okawaru
  2005 | D        | Killed a wolf spider
  2008 | D        | Got a dazzling cloak {god gift}
  2011 | D        | Noticed an orb spider
  2015 | D        | Killed an orb spider
  2038 | D        | Identified the +1 cloak of the Ladybird {Str+3} (Okawaru gifted it to you in the Dungeon)
  2038 | D        | Noticed a naga
  2038 | D        | Noticed a black mamba
  2038 | D        | Noticed a naga warrior
  2038 | D        | Noticed a shock serpent
  2038 | D        | Noticed a black mamba
  2038 | D        | Noticed a naga sharpshooter
  2041 | D        | Noticed an anaconda
  2042 | D        | Killed a naga sharpshooter
  2048 | D        | Killed a shock serpent
  2050 | D        | Killed a black mamba
  2051 | D        | Killed a naga
  2055 | D        | Noticed a naga sharpshooter
  2056 | D        | Killed a naga warrior
  2058 | D        | Killed an anaconda
  2060 | D        | Noticed a naga
  2061 | D        | Killed a black mamba
  2063 | D        | Killed a naga sharpshooter
  2064 | D        | Killed a naga
  2181 | D        | Noticed a siren
  2181 | D        | Noticed a merfolk aquamancer
  2181 | D        | Noticed a manticore
  2181 | D        | Noticed a water elemental
  2181 | D        | Noticed a sea snake
  2181 | D        | Noticed a water nymph
  2182 | D        | Killed a water nymph
  2183 | D        | Noticed a manticore
  2185 | D        | Killed a water elemental
  2195 | D        | Killed a sea snake
  2196 | D        | Noticed a merfolk javelineer
  2200 | D        | Killed a manticore
  2202 | D        | Killed a merfolk aquamancer
  2204 | D        | Killed a siren
  2206 | D        | Noticed a merfolk
  2207 | D        | Killed a manticore
  2207 | D        | Reached skill level 15 in Fighting
  2221 | D        | Killed a merfolk javelineer
  2221 | D        | Reached skill level 20 in Unarmed Combat
  2228 | D        | Killed a merfolk
  2408 | D        | Noticed a hornet
  2408 | D        | Noticed a slime creature
  2408 | D        | Noticed a giant leech
  2408 | D        | Noticed a bog body
  2408 | D        | Noticed a bog body
  2408 | D        | Noticed a spriggan rider
  2409 | D        | Noticed a spriggan druid
  2412 | D        | Killed a spriggan rider
  2412 | D        | Killed a wasp
  2416 | D        | Killed a bog body
  2417 | D        | Noticed a ghost crab
  2417 | D        | Noticed a vampire mosquito
  2419 | D        | Killed a bog body
  2424 | D        | Noticed a swamp drake
  2425 | D        | Killed a spriggan druid
  2427 | D        | Killed a slime creature
  2427 | D        | Killed a hornet
  2429 | D        | Killed a swamp drake
  2432 | D        | Killed a giant leech
  2434 | D        | Killed a ghost crab
  2435 | D        | Killed a vampire mosquito
  2600 | D        | Noticed Harold
  2609 | D        | Killed Harold
  2644 | D        | Noticed a seven-headed hydra
  2651 | D        | Killed an eight-headed hydra
  2694 | D        | Noticed a yaktaur captain
  2694 | D        | Noticed a hell knight
  2694 | D        | Noticed a slime creature
  2694 | D        | Noticed an ice dragon
  2694 | D        | Noticed a necromancer
  2694 | D        | Noticed an entropy weaver
  2696 | D        | Killed an entropy weaver
  2696 | D        | Reached skill level 10 in Armour
  2697 | D        | Noticed a spriggan berserker
  2700 | D        | Killed a necromancer
  2705 | D        | Killed an ice dragon
  2705 | D        | Received a gift from Okawaru
  2707 | D        | Noticed a fire crab
  2713 | D        | Noticed a juggernaut
  2716 | D        | Killed a slime creature
  2718 | D        | Killed a hell knight
  2727 | D        | Noticed a yaktaur
  2728 | D        | Killed a juggernaut
  2728 | D        | Reached XP level 14. HP: 94/161 MP: 13/20
  2735 | D        | Killed a yaktaur captain
  2735 | D        | Received a gift from Okawaru
  2738 | D        | Killed a spriggan berserker
  2738 | D        | Reached skill level 21 in Unarmed Combat
  2739 | D        | Noticed a hell knight
  2745 | D        | Noticed a yaktaur captain
  2748 | D        | Noticed an ettin
  2751 | D        | Killed a yaktaur
  2751 | D        | Received a gift from Okawaru
  2782 | D        | Killed a hell knight
  2788 | D        | Killed an ettin
  2790 | D        | Killed a yaktaur captain
  2790 | D        | Received a gift from Okawaru
  2791 | D        | Got a fine robe {god gift}
  2803 | D        | Identified the +3 robe of Broken Taboos {+Fly rF+ MR-} (Okawaru gifted it to you in the Dungeon)
  2843 | D        | Noticed a giant orange brain
  2851 | D        | Killed a giant orange brain
  2899 | D        | Noticed a slime creature
  2900 | D        | Noticed a slime creature
  2906 | D        | Killed a slime creature
  2909 | D        | Killed a slime creature
  2910 | D        | Noticed a great orb of eyes
  2912 | D        | Noticed an entropy weaver
  2915 | D        | Killed a great orb of eyes
  2922 | D        | Killed an entropy weaver
  3010 | D        | Noticed a vault warden
  3010 | D        | Noticed a vault warden
  3010 | D        | Noticed a mottled dragon
  3010 | D        | Noticed a griffon
  3010 | D        | Noticed a vault sentinel
  3010 | D        | Noticed an ironheart preserver
  3014 | D        | Killed an ironheart preserver
  3016 | D        | Noticed a white ugly thing
  3017 | D        | Noticed an orc knight
  3022 | D        | Killed a vault sentinel
  3026 | D        | Killed a griffon
  3032 | D        | Noticed a yaktaur captain
  3032 | D        | Killed a vault warden
  3034 | D        | Noticed a vault sentinel
  3040 | D        | Noticed a vault warden
  3040 | D        | Killed a vault warden
  3044 | D        | Killed a white ugly thing
  3045 | D        | Noticed an ogre mage
  3047 | D        | Killed a mottled dragon
  3048 | D        | Noticed a fire crab
  3054 | D        | Killed an orc knight
  3055 | D        | Noticed an ogre mage
  3058 | D        | Killed a yaktaur captain
  3058 | D        | Reached skill level 1 in Shields
  3059 | D        | Noticed an ironheart preserver
  3060 | D        | Noticed a deep elf priest
  3065 | D        | Killed a vault warden
  3065 | D        | Reached skill level 22 in Unarmed Combat
  3066 | D        | Noticed a necromancer
  3068 | D        | Killed an ogre mage
  3069 | D        | Killed a vault sentinel
  3070 | D        | Noticed a vault sentinel
  3077 | D        | Killed a fire crab
  3078 | D        | Noticed an ironbrand convoker
  3079 | D        | Killed an ironheart preserver
  3079 | D        | Killed an ogre mage
  3080 | D        | Noticed a deep elf knight
  3082 | D        | Noticed an ironheart preserver
  3084 | D        | Killed a deep elf priest
  3086 | D        | Killed a necromancer
  3089 | D        | Noticed a spriggan baker
  3089 | D        | Noticed a vampire knight
  3089 | D        | Noticed a guardian serpent
  3090 | D        | Killed a vault sentinel
  3094 | D        | Killed a spriggan baker
  3098 | D        | Killed a vampire knight
  3098 | D        | Received a gift from Okawaru
  3101 | D        | Killed a deep elf knight
  3106 | D        | Killed an ironheart preserver
  3109 | D        | Killed a guardian serpent
  3119 | D        | Noticed a mummy priest
  3119 | D        | Noticed a vault warden
  3119 | D        | Noticed a vault guard
  3125 | D        | Killed a mummy priest
  3126 | D        | Noticed a sphinx
  3133 | D        | Killed a vault warden
  3133 | D        | Reached skill level 10 in Invocations
  3138 | D        | Killed a vault guard
  3145 | D        | Noticed an orb of fire
  3145 | D        | Noticed a vault guard
  3172 | D        | Killed an orb of fire
  3172 | D        | Reached skill level 23 in Unarmed Combat
  3172 | D        | Reached XP level 15. HP: 76/174 MP: 18/21
  3175 | D        | Killed a vault guard
  3186 | D        | Noticed a lich
  3186 | D        | Noticed an Orb Guardian
  3186 | D        | Noticed a naga
  3190 | D        | Killed an Orb Guardian
  3194 | D        | Killed a naga
  3197 | D        | Killed a lich
  3199 | D        | Noticed Dispater
  3199 | D        | Noticed a sphinx
  3199 | D        | Noticed an orb of fire
  3199 | D        | Noticed a merfolk aquamancer
  3202 | D        | Killed a sphinx
  3210 | D        | Killed an orb of fire
  3210 | D        | Reached skill level 15 in Armour
  3210 | D        | Reached skill level 5 in Shields
  3210 | D        | Reached skill level 24 in Unarmed Combat
  3228 | D        | Noticed a death cob
  3228 | D        | Noticed a hell knight
  3228 | D        | Noticed Boris
  3242 | D        | Killed Boris
  3281 | D        | Killed a hell knight
  3285 | D        | Killed a death cob
  3285 | D        | Received a gift from Okawaru
  3452 | D        | Noticed a naga warrior
  3452 | D        | Noticed a naga mage
  3452 | D        | Noticed a greater naga
  3452 | D        | Noticed a greater naga
  3452 | D        | Noticed a naga
  3453 | D        | Noticed a greater naga
  3454 | D        | Noticed a greater naga
  3457 | D        | Killed a greater naga
  3464 | D        | Noticed a naga mage
  3466 | D        | Killed a greater naga
  3468 | D        | Noticed a naga mage
  3473 | D        | Killed a greater naga
  3474 | D        | Killed a naga
  3479 | D        | Killed a greater naga
  3479 | D        | Reached skill level 25 in Unarmed Combat
  3480 | D        | Killed a naga mage
  3481 | D        | Noticed a naga mage
  3483 | D        | Noticed a naga mage
  3485 | D        | Killed a naga warrior
  3487 | D        | Killed a naga mage
  3489 | D        | Killed a naga mage
  3489 | D        | Received a gift from Okawaru
  3492 | D        | Killed a naga mage
  3494 | D        | Killed a naga mage
  3496 | D        | Got a serpentine rune of Zot
  3601 | D        | Noticed a jumping spider
  3601 | D        | Noticed a demonic crawler
  3601 | D        | Noticed an emperor scorpion
  3601 | D        | Noticed a jumping spider
  3601 | D        | Noticed an emperor scorpion
  3601 | D        | Noticed a moth of wrath
  3604 | D        | Killed a moth of wrath
  3608 | D        | Noticed a wolf spider
  3611 | D        | Killed a jumping spider
  3613 | D        | Noticed a demonic crawler
  3618 | D        | Noticed a demonic crawler
  3621 | D        | Killed an emperor scorpion
  3622 | D        | Killed a demonic crawler
  3630 | D        | Noticed a redback
  3633 | D        | Killed an emperor scorpion
  3633 | D        | Received a gift from Okawaru
  3636 | D        | Killed a ghost moth
  3636 | D        | Reached skill level 15 in Dodging
  3639 | D        | Killed a wolf spider
  3642 | D        | Killed a demonic crawler
  3646 | D        | Killed a demonic crawler
  3646 | D        | Reached XP level 16. HP: 157/189 MP: 1/23
  3649 | D        | Killed a redback
  3650 | D        | Killed a jumping spider
  3656 | D        | Noticed an emperor scorpion
  3657 | D        | Noticed a moth of wrath
  3669 | D        | Killed an emperor scorpion
  3670 | D        | Killed a moth of wrath
  3670 | D        | Received a gift from Okawaru
  3673 | D        | Got a gossamer rune of Zot
  3752 | D        | Noticed a merfolk avatar
  3752 | D        | Noticed a merfolk javelineer
  3752 | D        | Noticed a merfolk impaler
  3752 | D        | Noticed a merfolk javelineer
  3752 | D        | Noticed a merfolk
  3753 | D        | Noticed Ilsuiw
  3754 | D        | Noticed a merfolk aquamancer
  3758 | D        | Killed a merfolk javelineer
  3759 | D        | Noticed a merfolk aquamancer
  3761 | D        | Killed a merfolk javelineer
  3767 | D        | Killed a merfolk impaler
  3772 | D        | Noticed a merfolk javelineer
  3782 | D        | Killed Ilsuiw
  3787 | D        | Killed a merfolk aquamancer
  3790 | D        | Killed a merfolk
  3793 | D        | Killed a merfolk avatar
  3795 | D        | Noticed a merfolk javelineer
  3796 | D        | Killed a merfolk javelineer
  3796 | D        | Reached skill level 26 in Unarmed Combat
  3797 | D        | Noticed a merfolk impaler
  3807 | D        | Killed a merfolk javelineer
  3807 | D        | Received a gift from Okawaru
  3813 | D        | Killed a merfolk impaler
  3821 | D        | Killed a merfolk aquamancer
  3833 | D        | Got a barnacled rune of Zot
  3957 | D        | Noticed Mara
  3980 | D        | Killed Mara
  4035 | D        | Noticed a vault sentinel
  4041 | D        | Noticed an Orb Guardian
  4044 | D        | Killed a vault sentinel
  4047 | D        | Killed an Orb Guardian
  4084 | D        | Noticed a deep elf death mage
  4084 | D        | Noticed an Orb Guardian
  4084 | D        | Noticed a green draconian
  4084 | D        | Noticed a red draconian zealot
  4084 | D        | Noticed a vault guard
  4092 | D        | Killed a green draconian
  4096 | D        | Noticed a tentacled starspawn
  4100 | D        | Killed a ghostly green draconian
  4104 | D        | Killed an Orb Guardian
  4104 | D        | Reached skill level 10 in Shields
  4107 | D        | Killed a deep elf death mage
  4109 | D        | Killed an ironbrand convoker
  4124 | D        | Killed a red draconian zealot
  4127 | D        | Killed a vault guard
  4131 | D        | Killed a tentacled starspawn
  4131 | D        | Reached skill level 27 in Unarmed Combat
  4135 | D        | Killed a sphinx
  4220 | D        | Killed Dispater
  4220 | D        | Received a gift from Okawaru
  4511 | D        | Noticed a swamp dragon
  4511 | D        | Noticed a swamp dragon
  4511 | D        | Noticed an eight-headed hydra
  4511 | D        | Noticed a swamp dragon
  4514 | D        | Killed a swamp dragon
  4515 | D        | Noticed a swamp drake
  4518 | D        | Killed a 11-headed hydra
  4522 | D        | Killed a swamp dragon
  4527 | D        | Killed a swamp dragon
  4534 | D        | Killed a swamp drake
  4535 | D        | Noticed a five-headed hydra
  4543 | D        | Killed a nine-headed hydra
  4547 | D        | Got a decaying rune of Zot
  4638 | D        | Noticed a vault guard
  4638 | D        | Noticed a vault guard
  4638 | D        | Noticed a vault guard
  4638 | D        | Noticed a vault guard
  4638 | D        | Noticed a vault guard
  4640 | D        | Noticed a vault guard
  4643 | D        | Killed a vault guard
  4643 | D        | Received a gift from Okawaru
  4644 | D        | Noticed a vault guard
  4647 | D        | Killed a vault guard
  4647 | D        | Reached skill level 15 in Throwing
  4649 | D        | Killed a vault guard
  4650 | D        | Noticed a vault guard
  4658 | D        | Killed a vault guard
  4660 | D        | Killed a vault guard
  4663 | D        | Noticed a vault guard
  4666 | D        | Killed a vault guard
  4670 | D        | Killed a vault guard
  4672 | D        | Killed a vault guard
  4674 | D        | Noticed a vault guard
  4675 | D        | Killed a vault guard
  4681 | D        | Killed a vault guard
  4681 | D        | Reached XP level 17. HP: 193/205 MP: 24/24
  4690 | D        | Noticed a vault guard
  4691 | D        | Noticed a vault guard
  4693 | D        | Noticed a vault guard
  4694 | D        | Noticed a vault guard
  4695 | D        | Noticed a vault guard
  4696 | D        | Killed a vault guard
  4697 | D        | Noticed a vault guard
  4703 | D        | Noticed a vault guard
  4704 | D        | Killed a vault guard
  4707 | D        | Killed a vault guard
  4712 | D        | Killed a vault guard
  4719 | D        | Killed a vault guard
  4739 | D        | Killed a vault guard
  4742 | D        | Killed a vault guard
  4777 | D        | Noticed a vault guard
  4778 | D        | Noticed a vault guard
  4779 | D        | Noticed a vault guard
  4780 | D        | Noticed a vault guard
  4783 | D        | Killed a vault guard
  4787 | D        | Killed a vault guard
  4789 | D        | Noticed a vault guard
  4794 | D        | Killed a vault guard
  4803 | D        | Killed a vault guard
  4807 | D        | Killed a vault guard
  4817 | D        | Noticed a shadow dragon
  4817 | D        | Noticed a war gargoyle
  4817 | D        | Noticed a hornet
  4817 | D        | Noticed a stone giant
  4817 | D        | Noticed a war gargoyle
  4820 | D        | Killed a war gargoyle
  4821 | D        | Noticed an ettin
  4824 | D        | Killed a stone giant
  4825 | D        | Killed a hornet
  4826 | D        | Noticed a vault warden
  4829 | D        | Killed a war gargoyle
  4830 | D        | Noticed a yaktaur
  4831 | D        | Noticed an ettin
  4834 | D        | Killed a shadow dragon
  4836 | D        | Noticed a harpy
  4838 | D        | Killed an ettin
  4840 | D        | Noticed a shadow dragon
  4840 | D        | Killed a vault warden
  4845 | D        | Killed a yaktaur
  4846 | D        | Noticed a vault warden
  4849 | D        | Killed an ettin
  4851 | D        | Killed a harpy
  4858 | D        | Killed a shadow dragon
  4858 | D        | Reached skill level 15 in Shields
  4862 | D        | Noticed a shadow dragon
  4863 | D        | Killed a vault warden
  5062 | D        | Noticed a vault sentinel
  5063 | D        | Noticed an orc knight
  5070 | D        | Killed a vault sentinel
  5074 | D        | Noticed a fire dragon
  5078 | D        | Killed an orc knight
  5085 | D        | Killed a shadow dragon
  5091 | D        | Killed a fire dragon
  5120 | D        | Noticed a shadow dragon
  5120 | D        | Noticed a stone giant
  5120 | D        | Noticed a wolf spider
  5120 | D        | Noticed a shadow dragon
  5120 | D        | Noticed a frost giant
  5121 | D        | Noticed a shadow dragon
  5127 | D        | Noticed a shadow dragon
  5128 | D        | Killed a frost giant
  5130 | D        | Noticed a fire giant
  5133 | D        | Killed a shadow dragon
  5136 | D        | Killed a wolf spider
  5140 | D        | Killed a stone giant
  5140 | D        | Received a gift from Okawaru
  5149 | D        | Killed a shadow dragon
  5160 | D        | Killed a shadow dragon
  5165 | D        | Killed a shadow dragon
  5172 | D        | Killed a fire giant
  5186 | D        | Got a silver rune of Zot
  5490 | D        | Got the ring of the Castellan {rC+ Str+5 Slay+5}
  5492 | D        | Got the ring "Amiock" {rF++ EV+3}
  5494 | D        | Got the ring "Estozueb" {rElec rF+ rN+ Slay+2}
  5496 | D        | Got the ring of Ymiger {MR+ Int+5}
  5574 | D        | Noticed Louise
  5574 | D        | Noticed Margery
  5574 | D        | Noticed a hell knight
  5574 | D        | Noticed a necromancer
  5575 | D        | Noticed Jory
  5578 | D        | Noticed a necromancer
  5582 | D        | Killed Jory
  5583 | D        | Noticed a hell knight
  5586 | D        | Noticed Norris
  5590 | D        | Killed Margery
  5590 | D        | Received a gift from Okawaru
  5591 | D        | Noticed Nikola
  5591 | D        | Killed a necromancer
  5597 | D        | Killed Louise
  5599 | D        | Killed a hell knight
  5601 | D        | Noticed Xtahua
  5609 | D        | Killed a necromancer
  5617 | D        | Killed a hell knight
  5624 | D        | Killed Norris
  5633 | D        | Killed Xtahua
  5640 | D        | Killed Nikola
  5640 | D        | Received a gift from Okawaru
  5707 | D        | Noticed Frederick
  5717 | D        | Killed Frederick
  5734 | D        | Noticed Mennas
  5745 | D        | Killed Mennas
  5745 | D        | Reached XP level 18. HP: 224/227 MP: 17/25
  5785 | D        | Noticed an eye of draining
  5785 | D        | Noticed a gargoyle
  5785 | D        | Noticed a griffon
  5785 | D        | Noticed a komodo dragon
  5785 | D        | Noticed a cyclops
  5787 | D        | Noticed an eye of draining
  5788 | D        | Killed a cyclops
  5789 | D        | Noticed a giant frog
  5791 | D        | Killed a komodo dragon
  5794 | D        | Killed a griffon
  5795 | D        | Noticed a centaur
  5797 | D        | Killed a gargoyle
  5799 | D        | Killed an eye of draining
  5802 | D        | Killed an eye of draining
  5805 | D        | Killed a giant frog
  5807 | D        | Killed a centaur
  5826 | D        | Noticed a bone dragon
  5826 | D        | Noticed a mottled dragon
  5826 | D        | Noticed an ice dragon
  5826 | D        | Noticed a fire dragon
  5826 | D        | Noticed a mottled dragon
  5826 | D        | Noticed a bone dragon
  5831 | D        | Killed a bone dragon
  5832 | D        | Noticed a white draconian
  5833 | D        | Killed a mottled dragon
  5834 | D        | Noticed a yellow draconian
  5838 | D        | Noticed a white draconian
  5838 | D        | Killed a fire dragon
  5839 | D        | Noticed a fire dragon
  5842 | D        | Killed an ice dragon
  5843 | D        | Noticed a red draconian
  5844 | D        | Killed a mottled dragon
  5845 | D        | Noticed an ice dragon
  5853 | D        | Killed a bone dragon
  5861 | D        | Killed a white draconian
  5871 | D        | Killed a yellow draconian
  5873 | D        | Killed a white draconian
  5877 | D        | Killed a fire dragon
  5880 | D        | Killed a red draconian
  5888 | D        | Killed an ice dragon
  5936 | D        | Noticed a purple draconian caller
  5936 | D        | Noticed a yellow draconian monk
  5936 | D        | Noticed an orb of fire
  5936 | D        | Noticed a yellow draconian
  5936 | D        | Noticed a death cob
  5938 | D        | Noticed a green draconian knight
  5950 | D        | Killed an orb of fire
  5952 | D        | Killed a death cob
  5965 | D        | Killed a yellow draconian monk
  5969 | D        | Killed a purple draconian caller
  5974 | D        | Killed a green draconian knight
  5979 | D        | Killed a yellow draconian
  5992 | D        | Noticed a shadow dragon
  5992 | D        | Noticed a tentacled monstrosity
  5992 | D        | Noticed a moth of wrath
  5992 | D        | Noticed a death cob
  5992 | D        | Noticed a mottled draconian
  5992 | D        | Noticed a moth of wrath
  5994 | D        | Killed a moth of wrath
  5997 | D        | Killed a mottled draconian
  5999 | D        | Killed a death cob
  6000 | D        | Noticed an ice dragon
  6001 | D        | Noticed a green draconian annihilator
  6007 | D        | Killed a tentacled monstrosity
  6007 | D        | Received a gift from Okawaru
  6010 | D        | Killed a shadow dragon
  6014 | D        | Killed a moth of wrath
  6017 | D        | Killed an ice dragon
  6022 | D        | Killed a green draconian annihilator
  6070 | D        | Got a bloodstained cloak {god gift}
  6076 | D        | Identified the +1 cloak of Crawling {rCorr Dex+2} (Okawaru gifted it to you in the Dungeon)
  6084 | D        | Noticed a death cob
  6084 | D        | Noticed a white draconian
  6084 | D        | Noticed a yellow draconian
  6084 | D        | Noticed a green draconian monk
  6084 | D        | Noticed a curse toe
  6084 | D        | Noticed a purple draconian shifter
  6086 | D        | Killed a purple draconian shifter
  6087 | D        | Noticed a white draconian
  6091 | D        | Killed a curse toe
  6094 | D        | Noticed an ice dragon
  6099 | D        | Killed a green draconian monk
  6102 | D        | Noticed a fire dragon
  6109 | D        | Killed a yellow draconian
  6115 | D        | Killed a white draconian
  6117 | D        | Killed a death cob
  6123 | D        | Killed a white draconian
  6123 | D        | Reached skill level 27 in Fighting
  6128 | D        | Killed an ice dragon
  6133 | D        | Killed a fire dragon
  6159 | D        | Noticed a moth of wrath
  6159 | D        | Noticed a tentacled monstrosity
  6159 | D        | Noticed a black draconian
  6159 | D        | Noticed a shadow dragon
  6159 | D        | Noticed a storm dragon
  6159 | D        | Noticed a green draconian annihilator
  6162 | D        | Killed a storm dragon
  6166 | D        | Killed a shadow dragon
  6167 | D        | Noticed a red draconian
  6174 | D        | Killed a tentacled monstrosity
  6177 | D        | Noticed a storm dragon
  6181 | D        | Killed a black draconian
  6183 | D        | Killed a moth of wrath
  6190 | D        | Killed a red draconian
  6196 | D        | Killed a storm dragon
  6196 | D        | Received a gift from Okawaru
  6202 | D        | Killed a green draconian annihilator
  6297 | D        | Noticed an Orb Guardian
  6297 | D        | Noticed an Orb Guardian
  6297 | D        | Noticed an Orb Guardian
  6297 | D        | Noticed an Orb Guardian
  6297 | D        | Noticed an Orb Guardian
  6300 | D        | Killed an Orb Guardian
  6300 | D        | Reached XP level 19. HP: 230/245 MP: 23/26
  6302 | D        | Noticed an Orb Guardian
  6305 | D        | Killed an Orb Guardian
  6313 | D        | Killed an Orb Guardian
  6316 | D        | Killed an Orb Guardian
  6321 | D        | Killed an Orb Guardian
  6322 | D        | Noticed an Orb Guardian
  6325 | D        | Killed an Orb Guardian
  6326 | D        | Noticed an Orb Guardian
  6331 | D        | Killed an Orb Guardian
  6337 | D        | Killed an Orb Guardian
  6338 | D        | Noticed an Orb Guardian
  6345 | D        | Killed an Orb Guardian
  6350 | D        | Noticed a green draconian
  6350 | D        | Noticed a tentacled monstrosity
  6350 | D        | Noticed an Orb Guardian
  6350 | D        | Noticed an Orb Guardian
  6350 | D        | Noticed a death cob
  6350 | D        | Noticed a yellow draconian
  6353 | D        | Killed a yellow draconian
  6355 | D        | Killed a death cob
  6357 | D        | Noticed an Orb Guardian
  6358 | D        | Killed an Orb Guardian
  6364 | D        | Killed an Orb Guardian
  6369 | D        | Killed a tentacled monstrosity
  6373 | D        | Noticed an Orb Guardian
  6375 | D        | Killed a green draconian
  6375 | D        | Received a gift from Okawaru
  6379 | D        | Killed an Orb Guardian
  6384 | D        | Killed an Orb Guardian
  6406 | D        | Noticed an ancient lich
  6409 | D        | Killed an ancient lich
  6414 | D        | Noticed an electric golem
  6431 | D        | Killed an electric golem
  6439 | D        | Noticed a mottled draconian
  6439 | D        | Noticed an ancient lich
  6439 | D        | Noticed an ancient lich
  6439 | D        | Noticed an electric golem
  6439 | D        | Noticed an Orb Guardian
  6439 | D        | Noticed an ice dragon
  6440 | D        | Noticed a shadow dragon
  6443 | D        | Noticed an orb of fire
  6444 | D        | Killed an ice dragon
  6447 | D        | Killed an Orb Guardian
  6448 | D        | Noticed a golden dragon
  6454 | D        | Killed an ancient lich
  6464 | D        | Killed an ancient lich
  6464 | D        | Received a gift from Okawaru
  6464 | D        | Reached skill level 27 in Shields
  6467 | D        | Noticed an ancient lich
  6477 | D        | Killed an orb of fire
  6478 | D        | Killed an electric golem
  6479 | D        | Noticed an electric golem
  6482 | D        | Killed a mottled draconian
  6486 | D        | Noticed an electric golem
  6489 | D        | Killed an ancient lich
  6496 | D        | Killed a golden dragon
  6503 | D        | Killed a shadow dragon
  6503 | D        | Reached XP level 20. HP: 159/256 MP: 27/27
  6510 | D        | Killed an electric golem
  6524 | D        | Killed an electric golem
  6656 | D        | Noticed an Orb Guardian
  6656 | D        | Noticed an Orb Guardian
  6656 | D        | Noticed an Orb Guardian
  6656 | D        | Noticed an Orb Guardian
  6661 | D        | Killed an Orb Guardian
  6663 | D        | Noticed a moth of wrath
  6664 | D        | Killed an Orb Guardian
  6668 | D        | Noticed an Orb Guardian
  6670 | D        | Killed an Orb Guardian
  6673 | D        | Noticed an Orb Guardian
  6677 | D        | Killed an Orb Guardian
  6677 | D        | Reached skill level 27 in Armour
  6683 | D        | Killed an Orb Guardian
  6683 | D        | Reached skill level 1 in Staves
  6683 | D        | Reached skill level 1 in Spellcasting
  6691 | D        | Killed an Orb Guardian
  6696 | D        | Killed a moth of wrath
  6698 | D        | Noticed an Orb Guardian
  6699 | D        | Noticed an Orb Guardian
  6700 | D        | Noticed an Orb Guardian
  6704 | D        | Noticed a moth of wrath
  6705 | D        | Killed an Orb Guardian
  6710 | D        | Killed an Orb Guardian
  6713 | D        | Killed an Orb Guardian
  6717 | D        | Killed a moth of wrath
  6718 | D        | Noticed an Orb Guardian
  6722 | D        | Killed an Orb Guardian
  6722 | D        | Reached skill level 5 in Staves
  6722 | D        | Reached skill level 5 in Evocations
  6801 | D        | Noticed a vampire knight
  6801 | D        | Noticed a vampire knight
  6801 | D        | Noticed a vampire knight
  6801 | D        | Noticed a vampire knight
  6801 | D        | Noticed an ancient lich
  6807 | D        | Noticed a vampire knight
  6808 | D        | Killed a vampire knight
  6811 | D        | Noticed a vampire knight
  6815 | D        | Noticed a lich
  6823 | D        | Noticed a vampire knight
  6824 | D        | Killed an ancient lich
  6824 | D        | Received a gift from Okawaru
  6824 | D        | Reached skill level 5 in Spellcasting
  6827 | D        | Killed a vampire knight
  6831 | D        | Killed a vampire knight
  6835 | D        | Killed a vampire knight
  6835 | D        | Received a gift from Okawaru
  6839 | D        | Killed a lich
  6843 | D        | Killed a vampire knight
  6847 | D        | Killed a vampire knight
  6850 | D        | Killed a vampire knight
  6850 | D        | Received a gift from Okawaru
  6869 | D        | Noticed a spriggan baker
  6869 | D        | Noticed a spriggan baker
  6869 | D        | Noticed a spriggan baker
  6869 | D        | Noticed a spriggan baker
  6869 | D        | Noticed a spriggan baker
  6870 | D        | Noticed a spriggan baker
  6870 | D        | Killed a spriggan baker
  6872 | D        | Noticed a spriggan baker
  6872 | D        | Noticed a spriggan baker
  6872 | D        | Killed a spriggan baker
  6874 | D        | Noticed a spriggan baker
  6876 | D        | Killed a spriggan baker
  6877 | D        | Noticed a spriggan baker
  6878 | D        | Killed a spriggan baker
  6879 | D        | Killed a spriggan baker
  6881 | D        | Killed a spriggan baker
  6883 | D        | Killed a spriggan baker
  6886 | D        | Killed a spriggan baker
  6887 | D        | Killed a spriggan baker
  6895 | D        | Killed a spriggan baker
  7055 | D        | Noticed a deep elf annihilator
  7055 | D        | Noticed a deep elf blademaster
  7055 | D        | Noticed a deep elf high priest
  7055 | D        | Noticed a deep elf sorcerer
  7055 | D        | Noticed a deep elf annihilator
  7055 | D        | Noticed a deep elf blademaster
  7056 | D        | Noticed a deep elf blademaster
  7063 | D        | Killed a deep elf blademaster
  7066 | D        | Killed a deep elf blademaster
  7067 | D        | Noticed a deep elf annihilator
  7076 | D        | Killed a deep elf blademaster
  7084 | D        | Noticed a deep elf sorcerer
  7086 | D        | Noticed a deep elf death mage
  7086 | D        | Killed a deep elf sorcerer
  7089 | D        | Killed a deep elf annihilator
  7094 | D        | Killed a deep elf annihilator
  7095 | D        | Noticed a deep elf sorcerer
  7098 | D        | Noticed a deep elf death mage
  7101 | D        | Killed a deep elf high priest
  7102 | D        | Noticed a deep elf sorcerer
  7110 | D        | Killed a deep elf death mage
  7114 | D        | Killed a ghostly deep elf death mage
  7117 | D        | Killed a deep elf death mage
  7121 | D        | Killed a deep elf sorcerer
  7121 | D        | Reached skill level 10 in Evocations
  7127 | D        | Killed a deep elf sorcerer
  7129 | D        | Killed a deep elf sorcerer
  7137 | D        | Got an elven rune of Zot
  7144 | D        | Killed a deep elf annihilator
  7144 | D        | Received a gift from Okawaru
  7184 | D        | Noticed a golden eye
  7184 | D        | Noticed an eye of draining
  7184 | D        | Noticed an acid blob
  7184 | D        | Noticed an acid blob
  7184 | D        | Noticed an azure jelly
  7184 | D        | Paralysed by a giant eyeball for 2 turns
  7194 | D        | Noticed an acid blob
  7196 | D        | Killed an acid blob
  7201 | D        | Paralysed by a giant eyeball for 4 turns
  7208 | D        | Killed an acid blob
  7211 | D        | Paralysed by a giant eyeball for 4 turns
  7705 | D        | Killed an azure jelly
  7708 | D        | Killed an eye of draining
  7731 | D        | Killed an acid blob
  7772 | D        | Killed a golden eye
  7780 | D        | Noticed an acid blob
  7782 | D        | Noticed an acid blob
  7785 | D        | Killed an acid blob
  7786 | D        | Noticed the royal jelly
  7788 | D        | Killed an acid blob
  7806 | D        | Noticed an acid blob
  7807 | D        | Noticed an azure jelly
  7819 | D        | Noticed an acid blob
  7819 | D        | Killed an acid blob
  7826 | D        | Killed the royal jelly
  7826 | D        | Reached XP level 21. HP: 240/265 MP: 30/33
  7840 | D        | Killed an azure jelly
  7844 | D        | Noticed a death ooze
  7844 | D        | Killed an acid blob
  7847 | D        | Killed a death ooze
  7859 | D        | Noticed a death ooze
  7863 | D        | Killed a death ooze
  7866 | D        | Noticed an azure jelly
  7870 | D        | Killed an azure jelly
  7871 | D        | Got a slimy rune of Zot
  7873 | D        | Noticed a death ooze
  7877 | D        | Killed a death ooze
  7966 | D        | Noticed a sphinx
  7966 | D        | Noticed a sphinx
  7966 | D        | Noticed a sphinx
  7966 | D        | Noticed a sphinx
  7966 | D        | Noticed a sphinx
  7967 | D        | Noticed a sphinx
  7969 | D        | Killed a sphinx
  7970 | D        | Noticed a sphinx
  7971 | D        | Noticed a sphinx
  7972 | D        | Killed a sphinx
  7977 | D        | Killed a sphinx
  7981 | D        | Killed a sphinx
  7991 | D        | Killed a sphinx
  7992 | D        | Noticed a sphinx
  7996 | D        | Killed a sphinx
  8000 | D        | Killed a sphinx
  8005 | D        | Killed a sphinx
  8009 | D        | Killed a sphinx
  8043 | D        | Noticed a sphinx
  8050 | D        | Killed a sphinx
  8050 | D        | Received a gift from Okawaru
  8083 | D        | Noticed a guardian mummy
  8083 | D        | Noticed a guardian mummy
  8083 | D        | Noticed a guardian mummy
  8083 | D        | Noticed a guardian mummy
  8083 | D        | Noticed a guardian mummy
  8083 | D        | Noticed a guardian mummy
  8084 | D        | Noticed a guardian mummy
  8086 | D        | Killed a guardian mummy
  8087 | D        | Noticed a guardian mummy
  8091 | D        | Killed a guardian mummy
  8094 | D        | Killed a guardian mummy
  8095 | D        | Killed a guardian mummy
  8099 | D        | Killed a guardian mummy
  8101 | D        | Killed a guardian mummy
  8102 | D        | Killed a guardian mummy
  8105 | D        | Killed a guardian mummy
  8106 | D        | Noticed a mummy priest
  8107 | D        | Noticed a guardian mummy
  8115 | D        | Killed a mummy priest
  8117 | D        | Killed a guardian mummy
  8126 | D        | Noticed a guardian mummy
  8126 | D        | Noticed a guardian mummy
  8126 | D        | Noticed a guardian mummy
  8126 | D        | Noticed a guardian mummy
  8126 | D        | Noticed a guardian mummy
  8126 | D        | Noticed a guardian mummy
  8131 | D        | Killed a guardian mummy
  8139 | D        | Killed a guardian mummy
  8143 | D        | Killed a guardian mummy
  8147 | D        | Killed a guardian mummy
  8148 | D        | Killed a guardian mummy
  8151 | D        | Killed a guardian mummy
  8152 | D        | Noticed a mummy priest
  8153 | D        | Noticed a guardian mummy
  8154 | D        | Noticed a guardian mummy
  8157 | D        | Killed a mummy priest
  8165 | D        | Killed a guardian mummy
  8167 | D        | Killed a guardian mummy
  8310 | D        | Noticed a greater mummy
  8310 | D        | Noticed a greater mummy
  8310 | D        | Noticed a guardian mummy
  8310 | D        | Noticed a greater mummy
  8310 | D        | Noticed a guardian mummy
  8310 | D        | Noticed a guardian mummy
  8312 | D        | Killed a guardian mummy
  8316 | D        | Killed a guardian mummy
  8319 | D        | Noticed a mummy priest
  8326 | D        | Killed a greater mummy
  8326 | D        | Reached skill level 10 in Spellcasting
  8329 | D        | Killed a guardian mummy
  8335 | D        | Killed a greater mummy
  8407 | D        | Killed a greater mummy
  8407 | D        | Reached skill level 15 in Invocations
  8462 | D        | Killed a mummy priest
  8618 | D        | Noticed a guardian mummy
  8623 | D        | Killed a guardian mummy
  8646 | D        | Got a golden rune of Zot
  8651 | D        | Noticed a wandering mushroom
  8651 | D        | Noticed a large abomination
  8651 | D        | Noticed a large abomination
  8651 | D        | Noticed a tormentor
  8651 | D        | Noticed a sixfirhy
  8651 | D        | Noticed a neqoxec
  8655 | D        | Killed a sixfirhy
  8656 | D        | Killed a neqoxec
  8657 | D        | Noticed an efreet
  8659 | D        | Killed a tormentor
  8661 | D        | Killed a large abomination
  8662 | D        | Noticed a komodo dragon
  8663 | D        | Killed a large abomination
  8664 | D        | Noticed a wretched star
  8665 | D        | Noticed a starcursed mass
  8668 | D        | a komodo dragon changed into a two-headed ogre
  8670 | D        | Killed a wandering mushroom
  8672 | D        | Killed an efreet
  8684 | D        | Killed a wretched star
  8687 | D        | Killed a starcursed mass
  8693 | D        | Killed a starcursed mass
  8698 | D        | Got an abyssal rune of Zot
  8822 | D        | Noticed Geryon
  8839 | D        | Killed Geryon
  8839 | D        | Received a gift from Okawaru
  8842 | D        | Noticed Antaeus
  8851 | D        | Noticed Lom Lobon
  8876 | D        | Killed Antaeus
  9226 | D        | Killed Lom Lobon
  9273 | D        | Noticed Gloorx Vloq
  9282 | D        | Noticed Cerebov
  9286 | D        | Killed Gloorx Vloq
  9286 | D        | Reached skill level 15 in Evocations
  9319 | D        | Killed Cerebov
  9319 | D        | Received a gift from Okawaru
  9319 | D        | Reached XP level 22. HP: 45/275 MP: 36/39
  9582 | D        | Got an icy rune of Zot
  9586 | D        | Got a glowing rune of Zot
  9590 | D        | Got a magical rune of Zot
  9594 | D        | Got an iron rune of Zot
  9596 | D        | Noticed Ereshkigal
  9612 | D        | Noticed Asmodeus
  9619 | D        | Killed Ereshkigal
  9634 | D        | Killed Asmodeus
  9639 | D        | Got a dark rune of Zot
  9645 | D        | Got a fiery rune of Zot
  9651 | D        | Got a bone rune of Zot
  9655 | D        | Got an obsidian rune of Zot
 10071 | D        | Got the Orb of Zot
 10339 | D        | Noticed Fovipyop the pandemonium lord
 10344 | D        | Killed Fovipyop the pandemonium lord
 10344 | D        | Received a gift from Okawaru
 10434 | D        | Got the amulet "Jituzxoa" {Spirit Str+3}
 10690 | D        | Reached skill level 5 in Stealth
 10827 | D        | Noticed Fopul the pandemonium lord
 10838 | D        | Killed Fopul the pandemonium lord
 10893 | D        | Reached skill level 27 in Throwing
 11036 | D        | Noticed Mnoleg
 11057 | D        | Killed Mnoleg
 11100 | D        | Killed a merfolk aquamancer
 11156 | D        | Noticed a seraph
 11176 | D        | Killed a seraph
 11176 | D        | Received a gift from Okawaru
 11241 | D        | Reached skill level 10 in Stealth
 11281 | D        | Noticed a merfolk impaler
 11291 | D        | Killed a merfolk impaler
 11311 | D        | Noticed a seven-headed hydra
 11315 | D        | Killed a nine-headed hydra
 11321 | D        | Noticed Bejasm the pandemonium lord
 11334 | D        | Killed Bejasm the pandemonium lord
 11334 | D        | Reached XP level 23. HP: 240/284 MP: 37/40
 11354 | D        | Reached skill level 27 in Invocations
 11360 | D        | Noticed an ancient lich
 11364 | D        | Killed an ancient lich
 11364 | D        | Reached skill level 27 in Dodging
 11368 | D        | Noticed a seven-headed hydra
 11372 | D        | Killed a nine-headed hydra
 11388 | D        | Noticed an eight-headed hydra
 11394 | D        | Killed a ten-headed hydra
 11451 | D        | Received a gift from Okawaru
 11487 | D        | Noticed a swamp dragon
 11495 | D        | Killed a swamp dragon
 11498 | D        | Noticed an ancient lich
 11506 | D        | Killed an ancient lich
 11537 | D        | Noticed Roikuc the pandemonium lord
 11550 | D        | Killed Roikuc the pandemonium lord
 11710 | D        | Reached skill level 15 in Stealth
 11744 | D        | Noticed an eight-headed hydra
 11745 | D        | Noticed Umikeih the pandemonium lord
 11749 | D        | Killed a ten-headed hydra
 11757 | D        | Killed Umikeih the pandemonium lord
 11968 | D        | Noticed Vawuno the pandemonium lord
 11970 | D        | Gained mutation: You tend to lose your temper in combat. [mutagenic glow]
 11976 | D        | Killed Vawuno the pandemonium lord
 12013 | D        | Gained mutation: You are weak. (Str -2) [mutagenic glow]
 12089 | D        | Escaped with the Orb!

Vault maps used:
D:        linesprint

Action                   |  1- 3 |  4- 6 |  7- 9 | 10-12 | 13-15 | 16-18 | 19-21 | 22-24 || total
-------------------------+-------+-------+-------+-------+-------+-------+-------+-------++-------
Melee: Unarmed           |    16 |    21 |    58 |   207 |   387 |   604 |   654 |   355 ||  2302
Throw: Tomahawk          |       |       |     3 |    19 |     3 |       |       |       ||    25
       Javelin           |       |       |     2 |    19 |       |       |       |       ||    21
       Large rock        |       |       |       |    22 |    37 |    79 |    66 |    91 ||   295
Invok: Heroism           |       |     1 |     3 |     9 |     6 |    14 |    11 |     1 ||    45
       Finesse           |       |       |     1 |     1 |     2 |     5 |     5 |     2 ||    16
Evoke: Wand              |       |       |     1 |       |       |       |     2 |     3 ||     6
       Lamp of fire      |       |       |       |       |       |       |     1 |       ||     1
       Horn of Geryon    |       |       |       |       |       |       |     1 |       ||     1
  Use: Potion            |     1 |       |     2 |       |     3 |     1 |    10 |       ||    17
       Scroll            |       |       |       |       |     2 |     2 |     3 |       ||     7
 Stab: Sleeping          |       |       |     2 |       |       |       |       |       ||     2
  Eat: Chunk             |     1 |     7 |     8 |    17 |     9 |    40 |    19 |       ||   101
       Bread ration      |       |       |       |       |     1 |       |       |     5 ||     6
       Royal jelly       |       |       |       |       |       |       |     1 |       ||     1
       Pizza             |       |       |       |       |       |       |     1 |       ||     1
       Beef jerky        |       |       |       |       |       |       |     1 |       ||     1
